Map: Frost LE

Players

Miszu - Winner!

  • Race: Protoss Protoss
  • League: Master

djroomba

  • Race: Protoss Protoss
  • League: Master

VOD

Have the link to the VOD?

Description

Time

  • Played on: June 25, 2016, 2:19 p.m.
  • Length: 11:44
Show
View Real Time Build Order
Export as new Build Order

Miszu Protoss - Winner!

Build Orders:  

Get SALT Encoding   

  12  0:00  Probe (Chrono Boost)  
  13  0:11  Probe (Chrono Boost)  
  14  0:18  Pylon  
  14  0:22  Probe (Chrono Boost)  
  15  0:36  Probe (Chrono Boost)  
  15  0:37  Gateway  
  16  0:43  Assimilator  
  16  0:46  Probe (Chrono Boost)  
  17  0:57  Probe (Chrono Boost)  
  17  1:01  Gateway  
  18  1:08  Probe (Chrono Boost)  
  19  1:16  Assimilator  
  19  1:18  Probe (Chrono Boost)  
  20  1:25  Cybernetics Core  
  20  1:29  Probe (Chrono Boost)  
  21  1:39  Probe (Chrono Boost)  
  22  1:42  Pylon  
  22  1:50  Probe (Chrono Boost)  
  24  2:02  Warp Gate (Chrono Boost)  
  24  2:03  Stalker  
  24  2:05  Stalker  
  27  2:14  Mothership Core  
  29  2:33  Stalker  
  31  2:48  Pylon  
  30  3:03  Nexus  
  30  3:05  Stalker  
  30  3:25  Stalker  
  32  3:28  Probe  
  33  3:36  Stalker  
  35  3:41  Probe  
  35  3:45  Pylon  
  36  3:54  Probe  
  37  3:57  Gateway  
  37  4:06  Probe  
  38  4:12  Robotics Facility  
  38  4:16  Probe  
  38  4:18  Probe  
  40  4:26  Sentry x2, Probe  
  40  4:30  Probe  
  46  4:36  Pylon  
  46  4:37  Probe  
  46  4:42  Probe  
  48  4:47  Probe  
  49  4:54  Probe  
  49  4:58  Probe  
  49  4:59  Forge, Observer (Chrono Boost)  
  52  5:06  Probe  
  53  5:08  Probe  
  54  5:16  Immortal (Chrono Boost)  
  54  5:18  Probe  
  54  5:19  Assimilator, Probe  
  60  5:21  Assimilator  
  60  5:25  Twilight Council  
  60  5:29  Pylon  
  60  5:30  Probe x2  
  60  5:34  Protoss Ground Weapons Level 1 (Chrono Boost)  
  64  5:42  Probe x2  
  64  5:47  Immortal  
  64  5:55  Probe x2  
  70  6:00  Stalker x2  
  74  6:05  Blink (Chrono Boost)  
  74  6:12  Pylon  
  74  6:21  Immortal  
  74  6:28  Gateway  
  74  6:31  Gateway  
  78  6:33  Gateway  
  78  6:40  Gateway  
  75  7:10  Stalker  
  77  7:20  Pylon  
  77  7:21  Pylon  
  77  7:28  Pylon  
  77  7:30  Pylon  
  77  7:31  Protoss Ground Weapons Level 2  
  77  7:33  Warp Prism  
  77  7:38  Pylon  
  77  7:42  Stalker x3  
  77  7:43  Stalker  
  87  7:49  Pylon  
  87  7:51  Stalker  
  89  7:59  Stalker x2  
  93  8:07  Stalker x4  
  99  8:22  Stalker x3  
  92  8:41  Stalker x4  
  78  9:13  Stalker x2  
  78  9:14  Stalker x3  
  88  9:45  Stalker x5  
  98  9:59  Pylon  
  98  10:01  Observer  
  99  10:07  Photon Cannon  
  99  10:16  Stalker x2  
  99  10:18  Sentry  
  99  10:19  Observer  
  106  10:49  Sentry  
  108  10:50  Sentry  
  108  10:53  Sentry  
  112  11:00  Pylon  
  112  11:03  Nexus  
  112  11:12  Sentry x3  
  112  11:13  Sentry  
  119  11:29  Stalker x3  
Show
View Real Time Build Order
Export as new Build Order

djroomba Protoss 

Build Orders: Blink Stalkers 

Get SALT Encoding   

  12  0:01  Probe (Chrono Boost)  
  13  0:12  Probe (Chrono Boost)  
  14  0:19  Pylon  
  14  0:25  Probe (Chrono Boost)  
  15  0:38  Probe (Chrono Boost)  
  16  0:43  Gateway  
  16  0:48  Probe (Chrono Boost)  
  16  0:49  Assimilator  
  17  0:57  Assimilator  
  17  1:00  Probe (Chrono Boost)  
  18  1:10  Probe (Chrono Boost)  
  19  1:21  Probe (Chrono Boost)  
  20  1:30  Cybernetics Core  
  21  1:32  Probe (Chrono Boost)  
  21  1:39  Pylon  
  21  1:43  Probe (Chrono Boost)  
  22  1:53  Probe (Chrono Boost)  
  23  2:07  Twilight Council  
  23  2:09  Stalker, Mothership Core (Chrono Boost)  
  23  2:13  Warp Gate  
  27  2:27  Probe (Chrono Boost)  
  28  2:38  Probe (Chrono Boost)  
  28  2:40  Pylon  
  28  2:44  Stalker  
  31  2:56  Blink (Chrono Boost)  
  31  3:06  Gateway  
  31  3:08  Gateway  
  31  3:25  Probe  
  30  3:36  Robotics Facility  
  30  3:37  Probe  
  30  3:38  Stalker  
  33  3:49  Probe  
  34  3:59  Nexus  
  34  4:04  Pylon  
  32  4:18  Stalker x2  
  36  4:24  Stalker  
  36  4:27  Observer (Chrono Boost)  
  36  4:29  Probe  
  40  4:42  Probe  
  41  4:45  Stalker  
  41  4:46  Stalker  
  45  4:53  Stalker  
  47  5:10  Probe  
  48  5:17  Nexus  
  48  5:18  Probe  
  49  5:26  Probe  
  50  5:30  Probe  
  51  5:47  Stalker x3  
  57  5:57  Probe  
  58  6:07  Probe  
  58  6:08  Robotics Bay  
  59  6:14  Probe  
  59  6:17  Pylon  
  60  6:21  Assimilator  
  60  6:22  Probe  
  60  6:23  Charge (Chrono Boost), Assimilator  
  61  6:30  Probe x2  
  63  6:37  Probe  
  63  6:39  Assimilator  
  64  6:42  Probe  
  64  6:44  Assimilator  
  65  6:57  Probe  
  57  7:10  Probe  
  57  7:11  Disruptor  
  57  7:13  Zealot x3  
  57  7:14  Probe  
  57  7:15  Probe  
  67  7:22  Probe  
  68  7:24  Probe  
  68  7:26  Probe  
  70  7:35  Probe  
  71  7:39  Probe  
  71  7:40  Probe  
  71  7:42  Gateway, Pylon  
  73  7:45  Probe  
  73  7:46  Gateway  
  73  7:47  Pylon  
  73  7:50  Pylon  
  74  7:51  Disruptor  
  74  7:56  Probe  
  78  8:03  Gateway  
  78  8:05  Gateway  
  78  8:06  Probe  
  78  8:08  Gateway, Probe  
  78  8:10  Gateway  
  78  8:12  Gateway  
  80  8:14  Templar Archives  
  74  8:28  Zealot x3  
  55  8:53  Zealot x3  
  55  8:55  Disruptor (Chrono Boost)  
  51  9:02  Zealot x2  
  49  9:06  Zealot x2  
  49  9:08  Zealot  
  43  9:20  Dark Shrine  
  43  9:21  Gateway  
  41  9:24  Gateway  
  41  9:27  Gateway  
  28  9:32  Pylon  
  28  9:35  Pylon  
  22  9:49  Nexus  
  22  9:50  High Templar  
  24  9:54  Twilight Council  
  24  10:08  Gateway  
  24  10:09  Gateway  
  24  10:23  Gateway  
  24  10:32  Dark Templar  
  24  10:34  Dark Templar  
  28  10:44  Templar Archives  
  28  10:54  Dark Templar  
  30  11:05  Dark Templar x3  
  30  11:06  Pylon  
  34  11:14  Archon  
  34  11:15  Archon  
  34  11:16  Dark Templar  
  36  11:23  Archon  
  36  11:33  High Templar x2  
  36  11:35  Cybernetics Core  
  36  11:38  Archon  
  36  11:39  Zealot  
Tags
 
Composition
Blink Stalkers
Matchup
PvP
Player
Miszu
Add a new tag
Caveats
  • Supply blocks, unpowered buildings, or Contaminate may cause inaccurate times.
  • Supply counts are checked every 10 seconds.